TOP OF THE 1ST |
Jasper Cougars batting - Pitching for Seattle Rainiers : RHP Jeff Alexander
|
Pitching: RHP Jeff Alexander
|
|
Batting: LHB Armando Torres
|
0-0: Ball 1-0: Foul Ball, location: 2F 1-1: Called Strike 1-2: Strikes out swinging
|
Batting: LHB António Camacho
|
0-0: Swinging Strike 0-1: Ball 1-1: Ball 2-1: Foul Ball, location: 2F 2-2: Fly out, F7 (Line Drive, 7LS)
|
Batting: SHB Ron Edwards
|
0-0: Called Strike 0-1: Foul Ball, location: 2F 0-2: Ball 1-2: Strikes out swinging
|
Top of the 1st over - 0 run(s), 0 hit(s), 0 error(s), 0 left on base; Jasper 0 - Seattle 0 |
BOTTOM OF THE 1ST |
Seattle Rainiers batting - Pitching for Jasper Cougars : RHP António Peña
|
Pitching: RHP António Peña
|
|
Batting: LHB Alan Moore
|
0-0: Ball 1-0: Ball 2-0: Swinging Strike 2-1: Foul Ball, location: 2F 2-2: Foul Ball, location: 2F 2-2: Ball 3-2: Base on Balls
|
Batting: SHB Vicente Pagán
|
0-0: Ball 1-0: Swinging Strike 1-1: Fielders Choice at 2nd, 4-6 (Groundball, 4)
|
Batting: RHB Jorge Montoya
|
0-0: Ball 1-0: Grounds into double play, 5-4-3 (Groundball, 5L)
|
Bottom of the 1st over - 0 run(s), 0 hit(s), 0 error(s), 0 left on base; Jasper 0 - Seattle 0 |
TOP OF THE 2ND |
Jasper Cougars batting - Pitching for Seattle Rainiers : RHP Jeff Alexander
|
Batting: RHB Fernando Gálvez
|
0-0: SINGLE (Line Drive, 7S)
|
Batting: SHB Rafael Acosta
|
0-0: Called Strike 0-1: Ball 1-1: Ball 2-1: Grounds into double play, 4-6-3 (Groundball, 4)
|
Batting: LHB John Stone
|
0-0: Bunted foul 0-1: Ball 1-1: Ball 2-1: Called Strike 2-2: Foul Ball, location: 2F 2-2: Ball 3-2: Strikes out swinging
|
Top of the 2nd over - 0 run(s), 1 hit(s), 0 error(s), 0 left on base; Jasper 0 - Seattle 0 |
BOTTOM OF THE 2ND |
Seattle Rainiers batting - Pitching for Jasper Cougars : RHP António Peña
|
Batting: LHB Brian Boone
|
0-0: Ball 1-0: Foul Ball, location: 2F 1-1: Called Strike 1-2: Ball 2-2: Ball 3-2: Base on Balls
|
Batting: SHB Nick Cox
|
0-0: Ball 1-0: Foul Ball, location: 2F 1-1: Ball 2-1: 2-RUN HOME RUN (Flyball, 8RXD), Distance : 439 ft
|
Batting: RHB Roberto Pérez
|
0-0: Ball 1-0: Fly out, F5 (Line Drive, 5)
|
Batting: RHB Jacob Hill
|
0-0: Ball 1-0: Ball 2-0: Fly out, F1 (Line Drive, 13)
|
Batting: RHB Doug Williams
|
0-0: Foul Ball, location: 2F 0-1: Ball 1-1: Swinging Strike 1-2: Foul Ball, location: 2F 1-2: Foul Ball, location: 2F 1-2: Strikes out swinging
|
Bottom of the 2nd over - 2 run(s), 1 hit(s), 0 error(s), 0 left on base; Jasper 0 - Seattle 2 |
TOP OF THE 3RD |
Jasper Cougars batting - Pitching for Seattle Rainiers : RHP Jeff Alexander
|
Batting: RHB Bob Cole
|
0-0: Called Strike 0-1: Ball 1-1: Fly out, F9 (Line Drive, 89M)
|
Batting: RHB George Reeves
|
0-0: Swinging Strike 0-1: Foul Ball, location: 2F 0-2: Foul Ball, location: 2F 0-2: Ball 1-2: Foul Ball, location: 2F 1-2: Ball 2-2: Ball 3-2: Foul Ball, location: 2F 3-2: Strikes out swinging
|
Batting: RHB Joe Baker
|
0-0: Ground out 5-3 (Groundball, 5)
|
Top of the 3rd over - 0 run(s), 0 hit(s), 0 error(s), 0 left on base; Jasper 0 - Seattle 2 |
BOTTOM OF THE 3RD |
Seattle Rainiers batting - Pitching for Jasper Cougars : RHP António Peña
|
Batting: RHB Jorge Colón
|
0-0: Ball 1-0: Ball 2-0: Called Strike 2-1: Swinging Strike 2-2: Foul Ball, location: 2F 2-2: Foul Ball, location: 2F 2-2: Strikes out swinging
|
Batting: LHB Alan Moore
|
0-0: Fly out, F7 (Flyball, 78M)
|
Batting: SHB Vicente Pagán
|
0-0: Ball 1-0: Swinging Strike 1-1: Foul Ball, location: 2F 1-2: Ball 2-2: Strikes out looking
|
Bottom of the 3rd over - 0 run(s), 0 hit(s), 0 error(s), 0 left on base; Jasper 0 - Seattle 2 |
TOP OF THE 4TH |
Jasper Cougars batting - Pitching for Seattle Rainiers : RHP Jeff Alexander
|
Batting: LHB Armando Torres
|
0-0: Ball 1-0: Foul Ball, location: 2F 1-1: Ball 2-1: Swinging Strike 2-2: Strikes out swinging
|
Batting: LHB António Camacho
|
0-0: Ball 1-0: Ball 2-0: Ground out 4-3 (Groundball, 4S)
|
Batting: SHB Ron Edwards
|
0-0: Called Strike 0-1: Ball 1-1: Ball 2-1: Ball 3-1: Foul Ball, location: 2F 3-2: Base on Balls
|
Batting: RHB Fernando Gálvez
|
0-0: Ball 1-0: Called Strike 1-1: Ball 2-1: Ball 3-1: Called Strike 3-2: Base on Balls Ron Edwards to second
|
Batting: SHB Rafael Acosta
|
0-0: Called Strike 0-1: Swinging Strike 0-2: Foul Ball, location: 2F 0-2: Strikes out swinging
|
Top of the 4th over - 0 run(s), 0 hit(s), 0 error(s), 2 left on base; Jasper 0 - Seattle 2 |
BOTTOM OF THE 4TH |
Seattle Rainiers batting - Pitching for Jasper Cougars : RHP António Peña
|
Batting: RHB Jorge Montoya
|
0-0: Ball 1-0: SOLO HOME RUN (Flyball, 8LXD), Distance : 443 ft
|
Batting: LHB Brian Boone
|
0-0: Swinging Strike 0-1: Ball 1-1: Fly out, F7 (Flyball, 7LM)
|
Batting: SHB Nick Cox
|
0-0: Ball 1-0: Ball 2-0: Ball 3-0: Called Strike 3-1: Called Strike 3-2: Foul Ball, location: 2F 3-2: Foul Ball, location: 2F 3-2: Base on Balls
|
Batting: RHB Roberto Pérez
|
0-0: Called Strike 0-1: Foul Ball, location: 2F 0-2: Ball 1-2: Foul Ball, location: 2F 1-2: Ball 2-2: Fly out, F3 (Popup, 13)
|
Batting: RHB Jacob Hill
|
0-0: Ball 1-0: Ball 2-0: Called Strike 2-1: Ball 3-1: Foul Ball, location: 2F 3-2: Foul Ball, location: 2F 3-2: Base on Balls Nick Cox to second
|
Batting: RHB Doug Williams
|
0-0: Called Strike 0-1: Foul Ball, location: 2F 0-2: Strikes out looking
|
Bottom of the 4th over - 1 run(s), 1 hit(s), 0 error(s), 2 left on base; Jasper 0 - Seattle 3 |
TOP OF THE 5TH |
Jasper Cougars batting - Pitching for Seattle Rainiers : RHP Jeff Alexander
|
Batting: LHB John Stone
|
0-0: Foul Ball, location: 2F 0-1: Swinging Strike 0-2: Strikes out swinging
|
Batting: RHB Bob Cole
|
0-0: Ball 1-0: Fly out, F7 (Flyball, 78S)
|
Batting: RHB George Reeves
|
0-0: Ball 1-0: SINGLE (Groundball, 56) (infield hit)
|
Batting: RHB Joe Baker
|
0-0: Ball 1-0: Ball George Reeves is caught stealing 2nd base
|
Top of the 5th over - 0 run(s), 1 hit(s), 0 error(s), 0 left on base; Jasper 0 - Seattle 3 |
BOTTOM OF THE 5TH |
Seattle Rainiers batting - Pitching for Jasper Cougars : RHP António Peña
|
Batting: RHB Jorge Colón
|
0-0: Swinging Strike 0-1: Ball 1-1: Ground out 6-3 (Groundball, 6)
|
Batting: LHB Alan Moore
|
0-0: Ball 1-0: Ball 2-0: Ball 3-0: Called Strike 3-1: Foul Ball, location: 2F 3-2: Base on Balls
|
Batting: SHB Vicente Pagán
|
0-0: Ball 1-0: Foul Ball, location: 2F 1-1: Called Strike 1-2: Strikes out swinging
|
Pitching: RHP Andrés Ruíz
|
|
Batting: RHB Jorge Montoya
|
0-0: Called Strike 0-1: Called Strike 0-2: Fly out, F7 (Flyball, 7LS)
|
Bottom of the 5th over - 0 run(s), 0 hit(s), 0 error(s), 1 left on base; Jasper 0 - Seattle 3 |
TOP OF THE 6TH |
Jasper Cougars batting - Pitching for Seattle Rainiers : RHP Jeff Alexander
|
Batting: RHB Joe Baker
|
0-0: Fly out, F9 (Flyball, 89M)
|
Batting: LHB Armando Torres
|
0-0: Called Strike 0-1: Swinging Strike 0-2: Ball 1-2: Ball 2-2: SINGLE (Line Drive, 8RS)
|
Batting: LHB António Camacho
|
0-0: Ball Armando Torres steals 2nd base 1-0: Called Strike Passed Ball! Armando Torres to third 1-1: Fly out, F2 (Popup, 25F)
|
Batting: SHB Ron Edwards
|
0-0: Called Strike 0-1: Ball 1-1: Ball 2-1: Ball 3-1: Base on Balls
|
Pitching: RHP Ben Cobb
|
|
Batting: RHB Fernando Gálvez
|
0-0: Foul Ball, location: 2F 0-1: Ball 1-1: Fly out, F7 (Flyball, 7M)
|
Top of the 6th over - 0 run(s), 1 hit(s), 0 error(s), 2 left on base; Jasper 0 - Seattle 3 |
BOTTOM OF THE 6TH |
Seattle Rainiers batting - Pitching for Jasper Cougars : RHP Andrés Ruíz
|
Batting: LHB Brian Boone
|
0-0: DOUBLE (Line Drive, 7LD)
|
Batting: SHB Nick Cox
|
0-0: Intentional Walk
|
Batting: RHB Roberto Pérez
|
0-0: Ball 1-0: Ball 2-0: Foul Ball, location: 2F 2-1: Grounds into double play, 1-6-3 (Groundball, 13S) Brian Boone to third
|
Batting: RHB Jacob Hill
|
0-0: Ground out 5-3 (Groundball, 56S)
|
Bottom of the 6th over - 0 run(s), 1 hit(s), 0 error(s), 1 left on base; Jasper 0 - Seattle 3 |
TOP OF THE 7TH |
Jasper Cougars batting - Pitching for Seattle Rainiers : RHP Ben Cobb
|
Batting: SHB Rafael Acosta
|
0-0: Ball 1-0: Foul Ball, location: 2F 1-1: Ball 2-1: Ball 3-1: SINGLE (Line Drive, 9S)
|
Batting: LHB John Stone
|
0-0: Ball 1-0: Foul Ball, location: 2F 1-1: Ball 2-1: Swinging Strike 2-2: Fly out, F5 (Popup, 25F)
|
Batting: RHB Bob Cole
|
0-0: Fielders Choice at 2nd, 6-4 (Groundball, 56)
|
Batting: RHB George Reeves
|
0-0: Called Strike 0-1: Foul Ball, location: 2F 0-2: Strikes out swinging
|
Top of the 7th over - 0 run(s), 1 hit(s), 0 error(s), 1 left on base; Jasper 0 - Seattle 3 |
BOTTOM OF THE 7TH |
Seattle Rainiers batting - Pitching for Jasper Cougars : RHP Andrés Ruíz
|
Batting: RHB Doug Williams
|
0-0: Called Strike 0-1: DOUBLE (Line Drive, 89XD)
|
Batting: RHB Jorge Colón
|
0-0: Ball 1-0: Ground out 4-3 (Groundball, 34) Doug Williams to third
|
Batting: LHB Alan Moore
|
0-0: Swinging Strike 0-1: Swinging Strike 0-2: Ball 1-2: Ball 2-2: Foul Ball, location: 2F 2-2: Strikes out swinging
|
Batting: SHB Vicente Pagán
|
0-0: Ball 1-0: Ground out 4-3 (Groundball, 4)
|
Bottom of the 7th over - 0 run(s), 1 hit(s), 0 error(s), 1 left on base; Jasper 0 - Seattle 3 |
TOP OF THE 8TH |
Jasper Cougars batting - Pitching for Seattle Rainiers : RHP Ben Cobb
|
Batting: RHB Joe Baker
|
0-0: Called Strike 0-1: Ball 1-1: DOUBLE (Flyball, 89M)
|
Batting: LHB Armando Torres
|
0-0: Called Strike 0-1: Swinging Strike 0-2: Ball Wild Pitch! Joe Baker to third 1-2: Strikes out swinging
|
Batting: LHB António Camacho
|
0-0: Called Strike 0-1: Ball 1-1: Foul Ball, location: 2F 1-2: Foul Ball, location: 2F 1-2: Strikes out swinging
|
Batting: SHB Ron Edwards
|
0-0: Foul Ball, location: 2F 0-1: Swinging Strike 0-2: Ball 1-2: Ball 2-2: Ball 3-2: DOUBLE (Line Drive, 8LD) Joe Baker scores
|
Batting: RHB Fernando Gálvez
|
0-0: Called Strike 0-1: Ball 1-1: DOUBLE (Line Drive, 89D) Ron Edwards scores
|
Pinch Hitting: RHB Manuel Pérez
|
0-0: Ball 1-0: Ball 2-0: Foul Ball, location: 2F 2-1: Ball 3-1: Fly out, F7 (Flyball, 7M)
|
Top of the 8th over - 2 run(s), 3 hit(s), 0 error(s), 1 left on base; Jasper 2 - Seattle 3 |
BOTTOM OF THE 8TH |
Seattle Rainiers batting - Pitching for Jasper Cougars : RHP Andrés Ruíz
|
Pitching: LHP Javier Galeas
|
|
Now in CF: Manuel Pérez
|
|
Batting: RHB Jorge Montoya
|
0-0: Foul Ball, location: 2F 0-1: Foul Ball, location: 2F 0-2: Strikes out swinging
|
Batting: LHB Brian Boone
|
0-0: Swinging Strike 0-1: Ball 1-1: SINGLE (Line Drive, 34)
|
Batting: SHB Nick Cox
|
0-0: Ball Brian Boone steals 2nd base 1-0: Intentional Walk
|
Pinch Hitting: RHB Robert Marks
|
0-0: Ball Brian Boone steals 3rd base Nick Cox to second 1-0: Intentional Walk
|
Batting: RHB Jacob Hill
|
0-0: Ball 1-0: Called Strike 1-1: Foul Ball, location: 2F 1-2: Strikes out swinging
|
Pinch Hitting: RHB Juan Morales
|
0-0: Ball 1-0: Fly out, F6 (Popup, 6MD)
|
Bottom of the 8th over - 0 run(s), 1 hit(s), 0 error(s), 3 left on base; Jasper 2 - Seattle 3 |
TOP OF THE 9TH |
Jasper Cougars batting - Pitching for Seattle Rainiers : RHP Ben Cobb
|
Pitching: RHP Jim Thompson
|
|
Now at 3B: John Hill
|
|
Now in CF: Juan Morales
|
|
Batting: LHB John Stone
|
0-0: Ball 1-0: Ball 2-0: Ball 3-0: Called Strike 3-1: Foul Ball, location: 2F 3-2: Strikes out swinging
|
Pinch Hitting: RHB Dan Hooper
|
0-0: Fly out, F9 (Flyball, 9D)
|
Pinch Hitting: LHB Kyle Harrison
|
0-0: Called Strike 0-1: Foul Ball, location: 2F 0-2: Ball 1-2: Ball 2-2: Ball 3-2: Base on Balls
|
Pinch Hitting: LHB Jon Scott
|
0-0: Called Strike 0-1: Swinging Strike 0-2: Foul Ball, location: 2F 0-2: Ball 1-2: Foul Ball, location: 2F 1-2: Ball 2-2: Strikes out swinging
|
Top of the 9th over - 0 run(s), 0 hit(s), 0 error(s), 1 left on base; Jasper 2 - Seattle 3 |
|